AoeStats
← bumbsbomba74

Lombardia

509120199Analyzed
3v3 RM · 7d ago on Sep 25, 2026· 49m 58s· 6 players
Game mode
Random Map
Map size
Normal (6 player)
Population
200
Speed
Normal
Resources
Standard
Victory
Conquest
Starting age
Dark Age
Ending age
Imperial Age
RankedLock teamsTeams togetherTeam positionsShared explorationLock speedFull tech treeHidden civsTurbo modeCheats
Victory
Defeat
🇩🇪 Vietnamese · Germany
1201
+11
🇩🇪 Britons · Germany
1081
+16
🇩🇪 Mongols · Germany
1002
+20
🇪🇸 Teutons · Spain
1360
-25
🇪🇸 Franks · Spain
1111
-17
🇪🇸 Turks · Spain
780
-5
claran33
11:48 Feudal Age
12:43 Double-Bit Axe
14:46 Wheelbarrow
20:01 Horse Collar
25:50 Castle Age
28:37 Bow Saw
28:33 Heavy Plow
28:50 Hand Cart
28:54 Hand Cart
31:04 Stone Mining
31:39 Gold Mining
34:42 Crossbowman
36:33 Padded Archer Armor
36:23 Fletching
43:05 Man-at-Arms
45:26 Long Swordsman
kugat
6:54 Loom
9:24 Feudal Age
10:24 Double-Bit Axe
12:22 Scale Barding Armor
19:38 Wheelbarrow
23:46 Castle Age
22:51 Forging
23:18 Gold Mining
24:35 Husbandry
25:10 Chain Barding Armor
29:30 Stone Mining
33:01 Bow Saw
35:13 Hand Cart
34:44 Town Watch
41:31 Imperial Age
41:43 Cavalier
DK_Grunchito
10:29 Loom
12:18 Feudal Age
17:30 Castle Age
15:41 Double-Bit Axe
17:47 Scale Barding Armor
19:29 Bloodlines
20:17 Forging
23:28 Iron Casting
24:59 Chain Barding Armor
29:05 Town Watch
29:55 Wheelbarrow
31:59 Horse Collar
32:11 Gold Mining
35:45 Imperial Age
35:48 Cavalier
37:32 Blast Furnace
37:08 Plate Barding Armor
37:36 Heavy Plow
37:49 Bow Saw
37:32 Paladin
Panda
9:51 Feudal Age
11:20 Double-Bit Axe
14:36 Fletching
14:47 Padded Archer Armor
21:13 Horse Collar
22:29 Loom
25:13 Castle Age
25:23 Crossbowman
26:01 Bodkin Arrow
28:11 Leather Archer Armor
30:37 Wheelbarrow
33:25 Ballistics
42:25 Imperial Age
40:14 Hand Cart
40:30 Heavy Plow
42:36 Arbalester
45:44 Chemistry
44:49 Bracer
45:19 Ring Archer Armor
45:53 Pikeman
49:19 Halberdier
drive
6:27 Loom
9:39 Feudal Age
10:42 Double-Bit Axe
10:51 Gold Mining
13:59 Fletching
15:53 Horse Collar
22:43 Forging
26:24 Wheelbarrow
31:58 Castle Age
30:01 Padded Archer Armor
31:12 Scale Barding Armor
32:19 Bloodlines
32:51 Husbandry
33:13 Chain Barding Armor
32:24 Light Cavalry
33:44 Crossbowman
35:21 Ballistics
35:16 Bodkin Arrow
37:47 Iron Casting
36:36 Pikeman
37:17 Squires
37:19 Scale Mail Armor
39:03 Thumb Ring
43:38 Stone Mining
47:12 Hand Cart
46:44 Town Watch
52:06 Imperial Age
49:59 Chatras
bumbsbomba74
7:59 Feudal Age
7:52 Loom
8:36 Double-Bit Axe
9:19 Horse Collar
18:52 Castle Age
20:09 Bow Saw
24:48 Wheelbarrow
25:06 Gold Mining
25:24 Fletching
26:00 Bodkin Arrow
26:16 Husbandry
29:30 Hand Cart
30:17 Gold Shaft Mining
34:59 Imperial Age
33:16 Ballistics
33:39 Padded Archer Armor
35:56 Bracer
36:57 Chemistry
35:30 Capped Ram
36:44 Bloodlines
37:21 Thumb Ring
38:28 Drill
37:29 Siege Ram
38:42 Leather Archer Armor
39:00 Parthian Tactics
38:10 Elite Mangudai
39:43 Conscription
48:53 Town Watch
Connection lost

Rejoining the realm…

Still unreachable

The connection could not be restored.

Session expired

The server has moved on; the page needs a fresh start.